 Dungeon Sprint DCSS version 0.31-a0-640-g39d97e502b (webtiles) character file.

Game seed: 14995505302107843627

84 sircluck the Ruffian (level 4, 0/49 HPs)
             Began as a Troll Berserker on Aug 28, 2023.
             Was a Priest of Trog.
             Slain by a shadow (10 damage)
             ... in the Dungeon (Sprint III: "The Ten Rune Challenge").
             The game lasted 00:01:20 (148 turns).

sircluck the Ruffian (Troll Berserker)               Turns: 148, Time: 00:01:20

Health: 0/49       AC:  6    Str: 27    XL:     4   Next: 23%
Magic:  3/3        EV: 10    Int:  3    God:    Trog [***...]
Gold:   46         SH:  0    Dex:  9    Spells: 3/3 levels left

rFire   . .          .
                       - Unarmed
rCold   . . .        (no shield)
rNeg    . . .        a - +0 animal skin
rPois   .            (helmet restricted)
rElec   .            (no cloak)
rCorr   .            (gloves unavailable)
SInv    .            (boots unavailable)
Will    .....        (no amulet)
Stlth   +            (no ring)
HPRegen 1.08/turn    (no ring)
MPRegen 0.08/turn

%: no teleportation
@: no status effects
A: large, unfitting armour, claws 3, regeneration 1, shaggy fur 1, tough skin 1,
iridescent scales 1, screaming 1, wild magic 1, MP-powered wands
a: Renounce Religion, Berserk, Trog's Hand


You were in the Dungeon.
You worshipped Trog.
Trog was most pleased with you.
You visited 1 branch You collected 46 gold pieces.

Inventory:

Armour
 a - a +0 animal skin (worn)
Scrolls
 g - a scroll of blinking
 i - 3 scrolls of poison {unknown}
 k - a scroll of identify {unknown}
Potions
 b - a potion of curing
 c - a potion of heal wounds
 d - a potion of haste
 e - 2 potions of magic
 f - a potion of berserk rage
 h - a potion of mutation
 j - 4 potions of enlightenment


   Skills:
 + Level 4.7 Fighting
 + Level 4.6 Dodging
 + Level 5.6 Unarmed Combat


You had 3 spell levels left.
You didn't know any spells.
Your spell library was empty.

Dungeon Overview and Level Annotations

Branches:
Dungeon (1/1)

Altars:


Innate Abilities, Weirdness & Mutations

You are too large for most types of armour.
You have claws for hands.
Your natural rate of healing is unusually fast.
You are covered in fur. (AC +1)
You have tough skin. (AC +1)
You are partially covered in iridescent scales. (AC +2)
You occasionally shout uncontrollably at your foes.
Your spells are a little harder to cast, but a little more powerful.
You expend magic power (3 MP) to strengthen your wands.


Message History

You feel extremely strange.
You no longer become unable to drink potions after taking damage.
Your rate of healing slows.
You feel less in control of your magic.
You feel your magical essence link to the dungeon's wands.
Iridescent scales grow over part of your body.
You open the door.
A jelly comes into view.
The jelly quivers.
A shadow comes into view.
There is an open door here.
You claw the shadow!
The shadow is severely damaged.
The shadow hits you!
You closely miss the shadow.
The shadow is severely damaged.
The shadow slips into darkness.
The shadow flickers and vanishes!
Deactivating autopickup; reactivate with Ctrl-A.
You claw the jelly!
Your claws burn!
You claw the jelly.
The jelly is almost dead.
The shadow strikes at you from the darkness!
Ouch! That really hurt!
* * * LOW HITPOINT WARNING * * *
Reactivating autopickup.
The jelly hits you but does no damage.
You are too injured to fight recklessly!
You are too injured to fight recklessly!
You are too injured to fight recklessly!
You are too injured to fight recklessly!
You are too injured to fight recklessly!
You are too injured to fight recklessly!
You are too injured to fight recklessly!
You are too injured to fight recklessly!
You are too injured to fight recklessly!
You are too injured to fight recklessly!
You scratch the jelly but do no damage.
Your claws burn!
* * * LOW HITPOINT WARNING * * *
The jelly is almost dead.
The shadow hits you!
You die...

▓ ▓▓▓ ♣♣ ♣.# .♣
♣.# ♣♣ ♣.#
♣♣♣♣♣.###+#+###+##
..♣♣..#..........#
~♣♣♣♣.'.⌠........#
~~~...#...######@#
~~....#.⌠.# #.WJ#
~.....#...# #...#
......#+### #...#
......# #...+
......# +...#
▓▓▓▓▓▓▓ ▓▓▓▓▓


You could see a shadow and a jelly.

Vanquished Creatures
  A water elemental (D)
  A human (D)
  A phantom (D)
  2 endoplasms (D)
  2 rats (D)
7 creatures vanquished.

Notes
Turn   | Place    | Note
-------+----------+-------------------------------------------
     0 | D        | sircluck the Troll Berserker began the quest for the Orb.
     0 | D        | Reached XP level 1. HP: 22/22 MP: 0/0
    14 | D        | Reached ** piety under Trog
    38 | D        | Reached XP level 2. HP: 31/31 MP: 1/1
    51 | D        | Reached skill level 4 in Unarmed Combat
    57 | D        | Noticed a water elemental
    98 | D        | Killed a water elemental
    98 | D        | Reached *** piety under Trog
    99 | D        | Reached skill level 5 in Unarmed Combat
    99 | D        | Reached XP level 3. HP: 40/40 MP: 2/2
    99 | D        | Reached XP level 4. HP: 49/49 MP: 3/3
   129 | D        | Gained mutation: Potions are less effective at restoring
                  | your health. [potion of mutation]
   129 | D        | Gained mutation: You occasionally lose the ability to drink
                  | potions when taking damage. [potion of mutation]
   129 | D        | Gained mutation: You are partially covered in iridescent
                  | scales. (AC +2) [potion of mutation]
   130 | D        | Lost mutation: You are partially covered in iridescent
                  | scales. (AC +2) [potion of mutation]
   130 | D        | Lost mutation: Potions are less effective at restoring your
                  | health. [potion of mutation]
   130 | D        | Gained mutation: You occasionally shout uncontrollably at
                  | your foes. [potion of mutation]
   130 | D        | Gained mutation: You heal very quickly. [potion of
                  | mutation]
   141 | D        | Lost mutation: You occasionally lose the ability to drink
                  | potions when taking damage. [potion of mutation]
   141 | D        | Lost mutation: You heal very quickly. [potion of mutation]
   141 | D        | Gained mutation: Your spells are a little harder to cast,
                  | but a little more powerful. [potion of mutation]
   141 | D        | Gained mutation: You expend magic power (3 MP) to
                  | strengthen your wands. [potion of mutation]
   141 | D        | Gained mutation: You are partially covered in iridescent
                  | scales. (AC +2) [potion of mutation]
   144 | D        | Noticed a shadow
   148 | D        | Slain by a shadow

Illustrated notes

Levels and vault maps discovered:
D:        dungeon_sprint_mu [sprint_mu_entry_forest, sprint_mu_temple_rooms,
          sprint_mu_d1_horrors, sprint_mu_d2_genie, sprint_mu_d3_branching,
          sprint_mu_orc_legion, sprint_mu_elf_gauntlet, sprint_mu_hive_nellie,
          sprint_mu_lair_fedhas, sprint_mu_vaults_butterflies,
          sprint_mu_slime_circle, sprint_mu_swamp_cave, sprint_mu_snake_twists,
          sprint_mu_blade_basic, sprint_mu_crypt_lich, sprint_mu_tomb_spiral,
          sprint_mu_vestibule_basic, sprint_mu_gehenna_hellfire,
          sprint_mu_dis_giant, sprint_mu_tartarus_statrot,
          sprint_mu_cocytus_islands, sprint_mu_zot1]

Skill      XL: |  1  2 |
---------------+-------+-----
Fighting       | 3 4 |  4.7
Dodging        | 3 4 |  4.6
Unarmed Combat | 5 |  5.6

Action                     |  1- 3 |  4- 6 || total
---------------------------+-------+-------++-------
  Melee: Unarmed           |    21 |     4 ||    25
         Punch             |     1 |     1 ||     2
 Invoke: Berserk           |     1 |       ||     1
    Use: Potion            |       |     3 ||     3
 Armour: Animal skin       |     1 |     1 ||     2
  Dodge: Dodged            |     7 |       ||     7

Table legend: (Time is in decaauts)
 A = Elapsed time spent in this place.
 B = Non-inter-level travel time spent in this place.
 C = Inter-level travel time spent in this place.
 D = Time resting spent in this place.
 E = Time spent auto-exploring this place.
 F = Levels seen in this place.
 G = Mean time per level.
                   A        B        C        D        E       F      G
               +--------+--------+--------+--------+--------+-----+--------+
         Total |    156 |    144 |     12 |     41 |     47 |   1 |  156.0 |
       Dungeon |    156 |    144 |     12 |     41 |     47 |   1 |  156.0 |
               +--------+--------+--------+--------+--------+-----+--------+

Top non-repeatable levels by time:
       D: 156 daAuts
